 Dungeon Crawl Stone Soup version 0.26-a0-658-gbdda728c12 (webtiles) character file.

Game seed: 3981687690086577407

18 jiml777 the Grasshopper (level 2, -4/26 HPs)
             Began as a Gnoll Warper on Oct 4, 2020.
             Slain by a gnoll
             ... wielding a +0 spear
              (6 damage)
             ... on level 1 of the Dungeon.
             The game lasted 00:01:33 (533 turns).

jiml777 the Grasshopper (Gnoll Warper)               Turns: 533, Time: 00:01:34

Health: -4/26      AC:  2    Str: 13    XL:     2   Next: 66%
Magic:  7/7        EV: 14    Int: 15    God:
Gold:   56         SH:  0    Dex: 14    Spells: 10/10 levels left

rFire    . . .     SeeInvis .   a - +0 hand axe
rCold    . . .     Faith    .   (no shield)
rNeg     . . .     Spirit   .   c - +0 robe (curse)
rPois    .         Reflect  .   (no helmet)
rElec    .         Harm     .   (no cloak)
rCorr    .         Rampage  .   (no gloves)
MR       .....                  (no boots)
Stlth    +.........             (no amulet)
HPRegen  0.08/turn              (no ring)
MPRegen  0.10/turn              (no ring)

@: no status effects
A: distributed training, fangs 1, strong nose
a: no special abilities


You were on level 1 of the Dungeon.
You visited 1 branch of the dungeon, and saw 1 of its levels.

You collected 56 gold pieces.

Inventory:

Hand Weapons
 a - a +0 hand axe (weapon)
Missiles
 e - 5 boomerangs of dispersal (quivered)
 g - 20 bolts
Armour
 b - a +0 leather armour
 c - a cursed +0 robe (worn)
Scrolls
 d - a scroll of blinking
 f - a scroll of immolation {unknown}
 h - 2 scrolls of teleportation {unknown}


   Skills:
 + Level 4.5 Fighting
 + Level 0.5 Short Blades
 + Level 0.5 Long Blades
 + Level 4.5 Axes
 + Level 0.5 Maces & Flails
 + Level 0.5 Polearms
 + Level 0.5 Staves
 + Level 0.5 Slings
 + Level 0.5 Bows
 + Level 0.5 Crossbows
 + Level 2.5 Throwing
 + Level 2.5 Armour
 + Level 4.5 Dodging
 + Level 0.5 Stealth
 + Level 0.5 Shields
 + Level 0.5 Unarmed Combat
 + Level 4.9 Spellcasting
 + Level 0.3 Conjurations
 + Level 0.3 Hexes
 + Level 0.3 Summonings
 + Level 0.3 Necromancy
 + Level 5.3 Translocations
 + Level 0.3 Transmutations
 + Level 0.3 Fire Magic
 + Level 0.3 Ice Magic
 + Level 0.3 Air Magic
 + Level 0.3 Earth Magic
 + Level 0.3 Poison Magic
 + Level 0.6 Invocations
 + Level 0.5 Evocations


You had 10 spell levels left.
You didn't know any spells.
Your spell library contained the following spells:

 Spells                   Type           Power        Failure   Level
 Blink                    Tloc           N/A          2%          2
 Gell's Gravitas          Tloc           ###.......   5%          3
 Lesser Beckoning         Tloc           ###.......   5%          3
 Teleport Other           Tloc           ###.....     5%          3
 Passage of Golubria      Tloc           N/A          19%         4


Dungeon Overview and Level Annotations

Branches:
Dungeon (1/15)

Altars:


Innate Abilities, Weirdness & Mutations

Your experience applies equally to all skills.
You have very sharp teeth.
Your uncanny sense of smell can sniff out nearby items.


Message History

The gnoll hits you from afar with a +0 spear!
The goblin closely misses you.
You closely miss the goblin. The gnoll barely misses you.
The goblin misses you.
You miss the goblin.
The gnoll hits you from afar with a +0 spear.
You hit the goblin.
The goblin is severely wounded.
The goblin misses you. The gnoll completely misses you.
You hit the goblin.
You kill the goblin!
The gnoll hits you from afar with a +0 spear!
* * * LOW HITPOINT WARNING * * *
You closely miss the kobold. You bite the kobold.
The kobold is moderately wounded.
The gnoll barely misses you. The kobold barely misses you.
You barely miss the kobold.
The kobold is moderately wounded.
The gnoll hits you from afar with a +0 spear.
You die...

#.#...####.# #.##.##
#.# # #.##.## #.#####
. #.#...####.....## .
###......##.......# .
###...##.#g....g....#
.#.
##...#.##.#gg..g###..#
... #..###.##.#K###.#
..# ... #.##
#.##.#@#∆##.# .# ...
#.# #.##...# .# # ...
#.## #....... ..
....##..# #######.#
##! ........# .#∆ ##
..#####.# .# #.# #.#
.. #.# #.#### #. #.#
#....#


You could see a gnoll, 2 goblins and a kobold.

Vanquished Creatures
  3 dart slugs (D:1)
  A bat (D:1)
  A giant cockroach (D:1)
  2 goblins (D:1)
  A hobgoblin (D:1)
  A frilled lizard (D:1)
  3 rats (D:1)
12 creatures vanquished.

Notes
Turn   | Place    | Note
-------+----------+-------------------------------------------
     0 | D:1      | jiml777 the Gnoll Warper began the quest for the Orb.
     0 | D:1      | Reached XP level 1. HP: 20/20 MP: 6/6
   122 | D:1      | Reached XP level 2. HP: 21/26 MP: 7/7
   533 | D:1      | Slain by a gnoll

Illustrated notes

Levels and vault maps discovered:
D:1:      minmay_arrival_checkered_box, layout_loops_ring, minmay_heptomino_o4

Action                   || total
-------------------------++-------
Melee: Hand axe          ||    51
       Bite              ||     5
Armor: Robe              ||     2
Dodge: Dodged            ||    32

Table legend: (Time is in decaauts)
 A = Elapsed time spent in this place.
 B = Non-inter-level travel time spent in this place.
 C = Inter-level travel time spent in this place.
 D = Time resting spent in this place.
 E = Time spent auto-exploring this place.
 F = Levels seen in this place.
 G = Mean time per level.
                   A        B        C        D        E       F      G
               +--------+--------+--------+--------+--------+-----+--------+
         Total |    536 |    536 |      0 |    204 |    163 |   1 |  536.0 |
       Dungeon |    536 |    536 |      0 |    204 |    163 |   1 |  536.0 |
               +--------+--------+--------+--------+--------+-----+--------+

Top non-repeatable levels by time:
     D:1: 536 daAuts
